 Dungeon Crawl Stone Soup version 0.29-a0-582-ge82337ba6a (webtiles) character file.

Game seed: 7695901572896629170

263 tilp the Grave Robber (level 5, -1/38 HPs)
             Began as a Mummy Necromancer on June 14, 2022.
             Slain by an ufetubus (2 damage)
             ... in a sewer.
             The game lasted 00:07:36 (3152 turns).

tilp the Grave Robber (Mummy Necromancer)           Turns: 3152, Time: 00:07:36

Health: -1/38      AC:  3    Str: 12    XL:     5   Next: 97%
Magic:  1/9        EV: 12    Int: 16    God:
Gold:   1329       SH:  0    Dex: 12    Spells: 6/10 levels left

rFire   x . .      SeeInvis .   a - +3 hand axe
rCold   + + .      Faith    .   (no shield)
rNeg    + + +      Spirit   .   c - +0 robe
rPois   ∞          Reflect  .   (no helmet)
rElec   .          Harm     .   (no cloak)
rCorr   .          Rampage  .   (no gloves)
Will    .....                   d - +0 pair of boots
Stlth   ++........              (no amulet)
HPRegen 0.12/turn               f - ring of protection from cold
MPRegen 0.11/turn               (no ring)

@: no status effects
A: cold resistance 1, negative energy resistance 3, torment resistance 2, heat
vulnerability 1, in touch with death 1, no potions
a: no special abilities


You were in a sewer.
You visited 1 branch of the dungeon, and saw 5 of its levels.
You also visited: Sewer.

You collected 1329 gold pieces.

Inventory:

Hand Weapons
 a - a +3 hand axe (weapon)
 i - a +2 short sword of holy wrath
 k - a +0 dagger
Missiles
 e - 37 stones
 j - 4 poisoned darts
Armour
 c - a +0 robe (worn)
 d - a +0 pair of boots (worn)
Jewellery
 f - a ring of protection from cold (left hand)
Wands
 g - a wand of iceblast (8)
 m - a wand of mindburst (2)
Scrolls
 b - 2 scrolls of teleportation
 l - a scroll of enchant weapon {unknown}


   Skills:
 * Level 2.2 Fighting
 * Level 2.1 Dodging
 + Level 2.1 Stealth
 + Level 3.1 Spellcasting
 * Level 6.1 Necromancy
 + Level 0.2 Evocations


You had 6 spell levels left.
You knew the following spells:

 Your Spells              Type           Power      Damage    Failure   Level
a - Necrotize             Necr           100%       1d9       1%          1
b - Vampiric Draining     Necr           33%        2d8       4%          3

Your spell library contained the following spells:

 Spells                   Type           Power      Damage    Failure   Level
 Animate Dead             Necr           33%        N/A       16%         4
 Agony                    Necr           33%        N/A       38%         5
 Borgnjor's Revivificati  Necr           Unusable   N/A       N/A         8
 Necromutation            Tmut/Necr      Unusable   N/A       N/A         8
 Death's Door             Necr           Unusable   N/A       N/A         9

Dungeon Overview and Level Annotations

Branches:
Dungeon (6/15)              Sewer (1/1)
 Temple: D:4-7

Altars:

Shops:
D:2 :


Innate Abilities, Weirdness & Mutations

You are immune to poison.
Your flesh is cold resistant. (rC+)
You are immune to negative energy. (rN+++)
You are immune to unholy pain and torment.
You are vulnerable to heat. (rF-)
You are in touch with the powers of death.
You do not drink.


Message History

The ufetubus attacks as you move away! The ufetubus hits you.
* * * LOW HITPOINT WARNING * * *
The ufetubus hits you.
* * * LOW HITPOINT WARNING * * *
The ufetubus barely misses you. x2
Unknown command.
You barely miss the ufetubus.
The ufetubus is lightly wounded.
The ufetubus misses you. x3; The ufetubus hits you.
* * * LOW HITPOINT WARNING * * *
Unknown command.
Blink to where?
Press: ? - help, Dir - move target
As you read the scroll of blinking, it crumbles to dust.
Aiming: Iceblast
Press: ? - help, Shift-Dir - straight line
Okay, then.
Aiming: Mindburst
Press: ? - help, Shift-Dir - straight line, f - ufetubus
Aim: an ufetubus (chance to affect: 72%)
The ufetubus struggles to resist.
The ufetubus misses you. x2
Unknown command.
Unknown command.
Aiming: Mindburst
Press: ? - help, Shift-Dir - straight line, f/p - ufetubus
Aim: an ufetubus (chance to affect: 72%)
The ufetubus struggles to resist.
The ufetubus completely misses you. The ufetubus hits you.
* * * LOW HITPOINT WARNING * * *
Unknown command.
Unknown command.
Aiming: Mindburst
Press: ? - help, Shift-Dir - straight line, f/p - ufetubus
Aim: an ufetubus (chance to affect: 72%)
The ufetubus struggles to resist.
The ufetubus hits you but does no damage.
The ufetubus barely misses you.
The ufetubus hits you but does no damage.
The ufetubus hits you.
You die...

#≈≈.#≈≈≈≈≈≈≈≈≈≈≈≈≈..#
#≈≈.#≈≈≈≈≈≈≈≈≈≈≈≈≈≈.#
#≈≈.#≈≈≈≈≈≈≈≈≈≈≈≈≈≈.#
#≈≈.#≈≈≈≈≈≈≈≈≈≈≈≈≈..# #
#≈≈.# ≈≈≈≈≈≈≈≈≈≈≈... ≈≈#
.. #≈..####≈#≈≈###≈#)###
.###.
#≈≈.#.............≈≈#...#.
#≈≈.)..)..)......≈≈≈5..('
#≈..#..).....@5...≈≈#...
##≈####≈##≈##≈###.####5##
#.≈≈≈≈≈≈≈≈≈≈≈≈≈≈≈...#K≈≈#
#≈≈≈≈≈≈≈≈≈≈≈≈≈≈≈≈≈5.#KK≈#
#≈≈≈≈≈≈≈≈≈≈≈≈≈≈≈≈≈..#.≈≈#
#≈≈≈≈≈≈≈≈≈≈≈≈≈≈≈≈≈≈§#.≈≈#
#≈≈≈≈≈≈≈≈≈≈≈≈≈≈≈≈≈≈K#.≈≈#
#≈≈≈≈≈≈≈≈≈≈≈≈≈≈≈≈≈≈)).≈≈#
#########################


You could see a shadow imp and an ufetubus.

Vanquished Creatures
  A kobold brigand (Sewer)
  A scorpion (D:5)
  A gnoll (D:1)
  2 adders (D:2)
  A river rat (D:5)
  A shadow imp (Sewer)
  2 ufetubi (Sewer)
  A dart slug (D:2)
  4 bats
  2 bat zombies
  6 endoplasms
  2 giant cockroaches
  7 goblins
  2 hobgoblins
  9 jackals
  A quokka (D:1)
  9 ball pythons
  6 frilled lizards
  15 kobolds
  2 quokka zombies (D:2)
  5 rats
80 creatures vanquished.

Vanquished Creatures (collateral kills)
  A ball python (D:1)
1 creature vanquished.

Vanquished Creatures (others)
  A kobold zombie (Sewer)
  A plant (D:1)
2 creatures vanquished.

Grand Total: 83 creatures vanquished

Notes
Turn   | Place    | Note
-------+----------+-------------------------------------------
     0 | D:1      | tilp the Mummy Necromancer began the quest for the Orb.
     0 | D:1      | Reached XP level 1. HP: 13/13 MP: 4/4
   206 | D:1      | Reached XP level 2. HP: 20/20 MP: 1/5
   427 | D:1      | Reached skill level 1 in Fighting
   853 | D:1      | Gained mutation: You are in touch with the powers of death.
                  | [Mummy growth]
   853 | D:1      | Reached XP level 3. HP: 21/26 MP: 0/7
  1121 | D:1      | Learned a level 3 spell: Vampiric Draining
  1386 | D:1      | Identified a scroll of acquirement
  1386 | D:1      | Acquired 1169 gold pieces
  1887 | D:2      | Reached XP level 4. HP: 31/33 MP: 1/8
  1945 | D:2      | Found Besh's Book Emporium.
  2721 | D:3      | You fall into a shaft and drop 3 floors!
  2744 | D:5      | Entered Level 5 of the Dungeon
  2771 | D:5      | Noticed a scorpion
  2776 | D:5      | Killed a scorpion
  2777 | D:5      | Reached skill level 5 in Necromancy
  2777 | D:5      | Reached XP level 5. HP: 26/38 MP: 2/9
  2778 | D:5      | Found a glowing drain.
  2870 | Sewer    | Entered a sewer
  3133 | Sewer    | Reached skill level 6 in Necromancy
  3151 | Sewer    | HP: 1/38 [ufetubus (3)]
  3152 | Sewer    | Slain by an ufetubus

Illustrated notes

Levels and vault maps discovered:
D:1:      minmay_arrival_jagged, layout_basic, serial_bayou,
          serial_bayou_lagoon_a, serial_bayou_pond_a, serial_bayou_lagoon_b,
          serial_bayou_crossing, serial_bayou_pond_e, kennysheep_doodads
D:2:      layout_basic, serial_shops, shop_fountains, serial_undead,
          serial_undead_d, serial_undead_a, serial_undead_c, serial_undead_d,
          minmay_pentomino_u4
D:3:      minmay_bubble_buster, layout_basic, uniq_jessica
D:5:      nicolae_cairo_tiling_large_dashed, layout_cave_pods,
          portal_sewer_entry_b, hangedman_glass_teeth
D:6:      layout_basic
Sewer:    kennysheep_sewer_church

Skill      XL: |  1  2  3  4  5 |
---------------+----------------+-----
Fighting       | 1 2 |  2.2
Spellcasting   | 3 |  3.1
Dodging        | 2 |  2.1
Stealth        | 2 |  2.1
Necromancy     | 5 6 |  6.1
Evocations     | |  0.2

Action                   |  1- 3 |  4- 6 || total
-------------------------+-------+-------++-------
Melee: Dagger            |    22 |    10 ||    32
       Hand axe          |       |    65 ||    65
       Punch             |       |     1 ||     1
Throw: Dart              |       |     1 ||     1
 Cast: Necrotize         |    76 |    19 ||    95
       Vampiric Draining |       |     4 ||     4
Evoke: Wand              |       |     3 ||     3
  Use: Scroll            |     3 |     2 ||     5
 Stab: Sleeping          |       |     4 ||     4
Armor: Robe              |    14 |    33 ||    47
Dodge: Dodged            |    23 |   106 ||   129

Table legend: (Time is in decaauts)
 A = Elapsed time spent in this place.
 B = Non-inter-level travel time spent in this place.
 C = Inter-level travel time spent in this place.
 D = Time resting spent in this place.
 E = Time spent auto-exploring this place.
 F = Levels seen in this place.
 G = Mean time per level.
                   A        B        C        D        E       F      G
               +--------+--------+--------+--------+--------+-----+--------+
         Total |   3198 |   3071 |    127 |    130 |   2338 |   6 |  533.0 |
       Dungeon |   2906 |   2779 |    127 |    102 |   2204 |   5 |  581.2 |
         Sewer |    292 |    292 |      0 |     28 |    133 |   1 |  292.0 |
               +--------+--------+--------+--------+--------+-----+--------+

Top non-repeatable levels by time:
     D:1: 1427 daAuts
     D:2: 1295 daAuts
   Sewer: 292 daAuts
     D:5: 129 daAuts
     D:3: 31 daAuts
     D:6: 22 daAuts
